 Dungeon Crawl Stone Soup version 0.27-a0-1217-g8a41f320e8 (webtiles) character file.

Game seed: 11018884219253793308

56 Essalna the Digger (level 3, -2/19 HPs)
             Began as a Gargoyle Earth Elementalist on June 6, 2021.
             Slain by a gnoll
             ... wielding a +0 whip
              (9 damage)
             ... on level 3 of the Dungeon.
             The game lasted 00:03:49 (1708 turns).

Essalna the Digger (Gargoyle Earth Elementalist)    Turns: 1708, Time: 00:03:49

Health: -2/19      AC:  5    Str: 11    XL:     3   Next: 95%
Magic:  7/7        EV: 11    Int: 16    God:
Gold:   50         SH:  0    Dex: 10    Spells: 3/7 levels left

rFire    . . .     SeeInvis .   a - +0 long sword
rCold    . . .     Faith    .   (no shield)
rNeg     + . .     Spirit   .   c - +0 robe
rPois    ∞         Reflect  .   (no helmet)
rElec    +         Harm     .   (no cloak)
rCorr    .         Rampage  .   (no gloves)
Will     .....                  (no boots)
Stlth    ++........             (no amulet)
HPRegen  0.06/turn              (no ring)
MPRegen  0.10/turn              (no ring)

@: no status effects
A: sickness immunity, AC +3, negative energy resistance 1, electricity
resistance, torment resistance 1, petrification resistance
a: no special abilities


You were on level 3 of the Dungeon.
You visited 1 branch of the dungeon, and saw 3 of its levels.

You collected 50 gold pieces.

Inventory:

Hand Weapons
 a - a +0 long sword (weapon)
Missiles
 b - 72 stones
Armour
 c - a +0 robe (worn)
Scrolls
 e - 2 scrolls of identify {unknown}
 h - a scroll of enchant weapon {unknown}
Potions
 d - a potion of degeneration {unknown}
 f - a potion of berserk rage {unknown}
 g - a potion of might {unknown}


   Skills:
 - Level 1.5 Dodging
 - Level 2.1 Stealth
 + Level 2.9 Spellcasting
 + Level 1.0 Conjurations
 - Level 0.7 Transmutations
 + Level 4.6 Earth Magic


You had 3 spell levels left.
You knew the following spells:

 Your Spells              Type           Power      Damage    Failure   Level
a - Sandblast             Erth           34%        2d9       2%          1
b - Stone Arrow           Conj/Erth      22%        3d8       17%         3

Your spell library contained the following spells:

 Spells                   Type           Power      Damage    Failure   Level
 Passwall                 Tmut/Erth      8%         N/A       10%         2
 Petrify                  Tmut/Erth      10%        N/A       52%         4
 Lee's Rapid Deconstruct  Erth           8%         3d8*      61%         5


Dungeon Overview and Level Annotations

Branches:
Dungeon (2/15)

Altars:
Dithmenos


Innate Abilities, Weirdness & Mutations

You are immune to sickness and miasma.
Your stone body is resilient. (AC +3)
You are immune to poison.
You resist negative energy. (rN+)
You are resistant to electric shocks. (rElec)
You are resistant to unholy torment.
You are immune to petrification.


Message History

The kobold shouts!
Found 12 gold pieces and 18 stones.
The dart slug launches a dart at you. The slug dart hits you.
Casting: Sandblast (safe; 2% risk of failure)
Confirm with . or Enter, or press ? or * to list all spells.
Aiming: Sandblast (safe; 2% risk of failure)
Press: ? - help, Shift-Dir - straight line, f - dart slug
Aim: a dart slug (100% to hit)
The blast of sand hits the dart slug!
The dart slug is severely wounded.
The giant cockroach closely misses you.
You riposte.
You slash the giant cockroach!
You kill the giant cockroach!
Casting: Sandblast (safe; 2% risk of failure)
Confirm with . or Enter, or press ? or * to list all spells.
Aiming: Sandblast (safe; 2% risk of failure)
Press: ? - help, Shift-Dir - straight line, f/p - dart slug
Aim: a dart slug (severely wounded, 100% to hit)
The blast of sand hits the dart slug.
You kill the dart slug!
A giant cockroach comes into view.
The hobgoblin hits you but does no damage.
You see here 12 gold pieces.
You see here 18 stones.
b - 72 stones (gained 18)
The hobgoblin completely misses you.
A gnoll comes into view. It is wielding a +0 whip.
The gnoll shouts!
A gnoll comes into view. It is wielding a +0 flail.
A gnoll comes into view. It is wielding a +0 club.
A gnoll comes into view. It is wielding a +0 whip.
The gnoll barely misses you. The gnoll hits you with a +0 flail!
Ouch! That really hurt!
The gnoll shouts! x2
The gnoll misses you.
You riposte.
You slash the gnoll!
The gnoll is severely wounded.
The gnoll hits you with a +0 whip!
You die...

#########
##...g.g.#
#.g#####.##
##.@B.gK..#
#.gg..##..#
##..#.##..# #.##
#..#.##..# #...#
........g# #...#
##..#.#..K# #...#
#..#.#...######...#
#... #...##........
#.....B.K.....


You could see 3 gnolls, a giant cockroach, a hobgoblin and a kobold.

Vanquished Creatures
  2 dart slugs
  A worm (D:2)
  2 endoplasms (D:1)
  3 giant cockroaches
  6 hobgoblins (D:1)
  5 jackals (D:1)
  4 quokkas (D:1)
  10 ball pythons
  3 bats
  3 frilled lizards
  3 kobolds
  2 rats
44 creatures vanquished.

Vanquished Creatures (others)
  3 plants (D:1)
3 creatures vanquished.

Grand Total: 47 creatures vanquished

Notes
Turn   | Place    | Note
-------+----------+-------------------------------------------
     0 | D:1      | Essalna the Gargoyle Earth Elementalist began the quest for
                  | the Orb.
     0 | D:1      | Reached XP level 1. HP: 10/10 MP: 3/3
   290 | D:1      | Reached XP level 2. HP: 10/15 MP: 5/5
   412 | D:1      | Reached skill level 4 in Earth Magic
   801 | D:1      | Reached XP level 3. HP: 19/19 MP: 6/6
   805 | D:1      | Learned a level 3 spell: Stone Arrow
  1148 | D:1      | Found a faded altar of an unknown god.
  1649 | D:2      | You fall into a shaft and drop 1 floor!
  1662 | D:3      | Reached skill level 1 in Conjurations
  1676 | D:3      | Found a shadowy altar of Dithmenos.
  1708 | D:3      | Slain by a gnoll

Illustrated notes

Levels and vault maps discovered:
D:1:      wander_arrival_chamber, layout_basic,
          shapermc_ecumenical_altar_notcrosses, minmay_shallow_snake_nest
D:2:      layout_loops_ring
D:3:      layout_loops_cross, old_standard_altar,
          nicolae_overflow_hidden_temple, kennysheep_big_empty_room

Skill      XL: |  1  2  3 |
---------------+----------+-----
Earth Magic    | 4 |  4.6
Conjurations   | 1 |  1.0
Dodging        | |  1.5
Stealth        | |  2.1
Spellcasting   | |  2.9
Transmutations | |  0.7

Action                   || total
-------------------------++-------
Melee: Long sword        ||    80
 Cast: Sandblast         ||    20
 Stab: Sleeping          ||     4
Armor: Robe              ||    48
Dodge: Dodged            ||    75
       Rpst.: Long sword ||    28

Table legend: (Time is in decaauts)
 A = Elapsed time spent in this place.
 B = Non-inter-level travel time spent in this place.
 C = Inter-level travel time spent in this place.
 D = Time resting spent in this place.
 E = Time spent auto-exploring this place.
 F = Levels seen in this place.
 G = Mean time per level.
                   A        B        C        D        E       F      G
               +--------+--------+--------+--------+--------+-----+--------+
         Total |   1739 |   1719 |     20 |      0 |   1352 |   3 |  579.7 |
       Dungeon |   1739 |   1719 |     20 |      0 |   1352 |   3 |  579.7 |
               +--------+--------+--------+--------+--------+-----+--------+

Top non-repeatable levels by time:
     D:1: 1330 daAuts
     D:2: 350 daAuts
     D:3: 58 daAuts
